 Dungeon Crawl Stone Soup version 0.28-a0-1510-gd0f6b136d3 (webtiles) character file.

Game seed: 16461727610885475856

196 bande the Shield-Bearer (level 5, -2/33 HPs)
             Began as a Gargoyle Fighter on Jan 16, 2022.
             Slain by a steam dragon (5 damage)
             ... on level 7 of the Dungeon.
             The game lasted 00:06:16 (4698 turns).

bande the Shield-Bearer (Gargoyle Fighter)          Turns: 4698, Time: 00:06:17

Health: -2/33      AC: 14    Str: 24    XL:     5   Next: 74%
Magic:  5/5        EV:  4    Int:  8    God:
Gold:   70         SH: 13    Dex:  9    Spells: 4/4 levels left

rFire   . . .      SeeInvis .   a - +0 war axe
rCold   . . .      Faith    .   b - +1 tower shield
rNeg    + . .      Spirit   .   e - +0 chain mail
rPois   ∞          Reflect  .   h - +0 helmet
rElec   +          Harm     .   (no cloak)
rCorr   .          Rampage  .   (no gloves)
Will    .....                   (no boots)
Stlth   ..........              (no amulet)
HPRegen 0.11/turn               (no ring)
MPRegen 0.09/turn               (no ring)

@: mighty
A: sickness immunity, AC +4, negative energy resistance 1, electricity
resistance, torment resistance 1, petrification resistance, strong 1
a: no special abilities


You were on level 7 of the Dungeon.
You visited 1 branch of the dungeon, and saw 5 of its levels.

You collected 70 gold pieces.

Inventory:

Hand Weapons
 a - a +0 war axe (weapon)
Armour
 b - a +1 tower shield (worn)
 e - a +0 chain mail (worn)
 h - a +0 helmet (worn)
Wands
 f - a wand of charming (11)
Potions
 c - a potion of haste


   Skills:
 + Level 4.1 Fighting
 + Level 3.5 Axes
 + Level 4.1 Armour
 + Level 4.2 Shields
 * Level 0.6 Evocations


You had 4 spell levels left.
You didn't know any spells.
Your spell library was empty.

Dungeon Overview and Level Annotations

Branches:
Dungeon (4/15)
 Temple: D:4-7

Altars:
Hepliaklqana

Shops:
D:3 [


Innate Abilities, Weirdness & Mutations

You are immune to sickness and miasma.
Your stone body is resilient. (AC +4)
You are immune to poison.
You resist negative energy. (rN+)
You are resistant to electric shocks. (rElec)
You are resistant to unholy torment.
You are immune to petrification.
Your muscles are strong. (Str +2)


Message History

As you read the scroll labelled BEFAHAHIUM, it crumbles to dust.
The scroll dissolves into smoke.
It was a scroll of fog.
You start waiting.
You feel your willpower return.
You start waiting.
You start waiting.
You start waiting.
Done waiting.
Found 17 stones.
You see here a +0 morningstar.
A sourceless malevolence fills the Dungeon...
You fall into a shaft and drop 3 floors!
The shaft crumbles and collapses.
Found 14 stones.
You see here 14 stones.
A steam dragon comes into view.
Found a lumpy pink potion.
The steam dragon hisses angrily.
The steam dragon breathes steam at you. The ball of steam hits you!
Ouch! That really hurt!
The steam dragon moves out of view.
The steam dragon breathes steam at you. The ball of steam hits you.
You feel better.
You barely miss the steam dragon. You block the steam dragon's attack. x2
The steam dragon bites you.
The steam dragon claws you but does no damage.
You hit the steam dragon but do no damage.
The steam dragon breathes steam at you. The ball of steam hits you!
* * * LOW HITPOINT WARNING * * *
The steam dragon bites you.
* * * LOW HITPOINT WARNING * * *
You block the steam dragon's attack.
You feel very mighty all of a sudden.
You are engulfed in a cloud of scalding steam.
* * * LOW HITPOINT WARNING * * *
The steam dragon bites you.
You die...

######## #......#
#.####.# ####.####.#
#.§.....#.# #
#.##.##.#.#
#####.####.##D##.#.##
#......§...##@§.....#
#.####.######§##.##.#
#§ #§##.##.# D.
#.##..#.## #..
#........# #..
#..##.#..# .!.
#........# #..
##.##.##.# #.##.##.#


You could see a steam dragon (catching breath).

Vanquished Creatures
  An orc priest (D:3)
  Terence (D:3)
  4 adders
  A worm (D:2)
  A dart slug (D:2)
  8 orcs
  5 ball pythons
  8 endoplasms
  A giant cockroach (D:1)
  12 goblins
  12 hobgoblins
  2 jackals (D:1)
  3 kobolds
  6 quokkas
  4 bats
  8 frilled lizards
  5 rats
82 creatures vanquished.

Vanquished Creatures (others)
  3 plants (D:1)
3 creatures vanquished.

Grand Total: 85 creatures vanquished

Notes
Turn   | Place    | Note
-------+----------+-------------------------------------------
     0 | D:1      | bande the Gargoyle Fighter began the quest for the Orb.
     0 | D:1      | Reached XP level 1. HP: 14/14 MP: 1/1
   333 | D:1      | Reached XP level 2. HP: 18/19 MP: 2/2
   671 | D:1      | Found a faded altar of an unknown god.
   808 | D:1      | Reached XP level 3. HP: 24/24 MP: 3/3
  1458 | D:2      | Found a hazy altar of Hepliaklqana.
  1475 | D:2      | Reached XP level 4. HP: 24/29 MP: 4/4
  2625 | D:3      | Found Ibrubl Ulle's Antique Armour Boutique.
  2653 | D:3      | Noticed Terence
  2668 | D:3      | Killed Terence
  2669 | D:3      | Reached XP level 5. HP: 18/33 MP: 5/5
  3019 | D:3      | Gained mutation: You have hidden genetic defects. [potion
                  | of mutation]
  3019 | D:3      | Gained mutation: Your muscles are strong. (Str +2) [potion
                  | of mutation]
  3019 | D:3      | Lost mutation: You have hidden genetic defects. [potion of
                  | mutation]
  4640 | D:4      | You fall into a shaft and drop 3 floors!
  4682 | D:7      | Noticed a steam dragon
  4698 | D:7      | Slain by a steam dragon

Illustrated notes

Levels and vault maps discovered:
D:1:      nicolae_arrival_somewhat_less_tricky_arrival, layout_basic,
          shapermc_ecumenical_altar_mp_ritualfount
D:2:      layout_basic, basic_altar, supply_closet_lemuel
D:3:      layout_loops_corners, serial_shops, shop, kennysheep_generic_room_16,
          uniq_terence
D:4:      layout_basic, patterned_corridor
D:7:      layout_loops_cross, temple_hall_moat, gammafunk_ghost_split,
          uniq_harold

Skill      XL: |  1  2  3  4  5 |
---------------+----------------+-----
Axes           | 2 3 |  3.5
Fighting       | 4 |  4.1
Armour         | 4 |  4.1
Shields        | 4 |  4.2
Evocations     | |  0.6

Action                   |  1- 3 |  4- 6 || total
-------------------------+-------+-------++-------
Melee: War axe           |    81 |   140 ||   221
  Use: Scroll            |       |     8 ||     8
       Potion            |       |     3 ||     3
Armor: Scale mail        |    26 |       ||    26
       Chain mail        |    30 |    93 ||   123
Dodge: Dodged            |    24 |    22 ||    46
Block: Buckler           |    16 |       ||    16
       Tower shield      |    20 |   113 ||   133

Table legend: (Time is in decaauts)
 A = Elapsed time spent in this place.
 B = Non-inter-level travel time spent in this place.
 C = Inter-level travel time spent in this place.
 D = Time resting spent in this place.
 E = Time spent auto-exploring this place.
 F = Levels seen in this place.
 G = Mean time per level.
                   A        B        C        D        E       F      G
               +--------+--------+--------+--------+--------+-----+--------+
         Total |   4851 |   4796 |     55 |    974 |   3001 |   5 |  970.2 |
       Dungeon |   4851 |   4796 |     55 |    974 |   3001 |   5 |  970.2 |
               +--------+--------+--------+--------+--------+-----+--------+

Top non-repeatable levels by time:
     D:3: 1568 daAuts
     D:1: 1417 daAuts
     D:2: 1296 daAuts
     D:4: 510 daAuts
     D:7: 59 daAuts
